 Dungeon Crawl Stone Soup version 0.30-a0-1053-gbd8d5ba0ad (webtiles) character file.

Game seed: 3311149678905581372

4003 LustLizard the Cleaver (level 10, -8/90 HPs)
             Began as a Hill Orc Monk on Apr 11, 2023.
             Was a Priest of Beogh.
             Mangled by a gargoyle
             ... wielding a +0 mace
              (13 damage)
             ... in a bailey.
             The game lasted 00:19:48 (6698 turns).

LustLizard the Cleaver (Hill Orc Monk)              Turns: 6698, Time: 00:19:48

Health: -8/90      AC: 14    Str: 17    XL:     10   Next: 23%
Magic:  10/10      EV:  9    Int: 12    God:    Beogh [***...]
Gold:   550        SH:  5    Dex: 13    Spells: 9/9 levels left

rFire   + . .      SeeInvis .    a - +1 hand axe
rCold   + . .      Faith    .    p - +0 buckler
rNeg    . . .      Spirit   .    k - +0 chain mail
rPois   +          Reflect  .    u - +0 helmet
rElec   +          Rampage  .    (no cloak)
rCorr   +                        K - +0 pair of gloves
Will    .....                    (no boots) Stlth
                                 e - amulet of regeneration
HPRegen 1.15/turn                z - ring of resist corrosion
MPRegen 0.12/turn                y - +4 ring of protection

@: mighty, resistant, invisible
A: no striking features
a: Renounce Religion, Smiting


You were in a bailey.
You worshipped Beogh.
Beogh was most pleased with you.
You visited 1 branch of the dungeon, and saw 8 of its levels.
You also visited: Sewer and Bailey.

You collected 550 gold pieces.

Inventory:

Hand Weapons
 a - a +1 hand axe (weapon)
Missiles
 B - 28 poisoned darts (quivered)
Armour
 k - a +0 chain mail (worn)
 p - a +0 buckler (worn)
 u - a +0 helmet (worn)
 K - a +0 pair of gloves (worn)
Jewellery
 e - an amulet of regeneration (around neck)
 n - an amulet of guardian spirit
 r - a ring of protection from fire
 w - a ring of magical power
 y - a +4 ring of protection (right hand)
 z - a ring of resist corrosion (left hand)
 A - an amulet of magic regeneration
Wands
 d - a wand of flame (2)
Scrolls
 b - a scroll of butterflies {unknown}
 g - a scroll of fog {unknown}
 h - 2 scrolls of immolation
 j - a scroll of fear
 l - 3 scrolls of blinking
 m - 2 scrolls of enchant weapon
 o - 2 scrolls of amnesia {unknown}
 q - a scroll of enchant armour {unknown}
 t - a scroll of silence {unknown}
 C - a scroll of noise {unknown}
 E - a scroll of teleportation {unknown}
 F - 2 scrolls of magic mapping {unknown}
 L - a scroll of torment {unknown}
Potions
 c - a potion of ambrosia
 f - 3 potions of brilliance
 i - 2 potions of cancellation
 v - 4 potions of mutation
 D - a potion of flight
 G - 4 potions of curing
 H - a potion of resistance
 J - a potion of magic {unknown}


   Skills:
 + Level 8.8 Fighting
 * Level 12.9 Axes
 + Level 6.1 Dodging
 - Level 1.5 Stealth
 - Level 6.0 Shields


You had 9 spell levels left.
You didn't know any spells.
Your spell library contained the following spells:

 Spells                   Type           Power      Damage    Failure   Level
 Magic Dart               Conj           0%         1d3       99%         1
 Poisonous Vapours        Pois/Air       0%         N/A       100%        2
 Searing Ray              Conj           0%         2d4       100%        2
 Mephitic Cloud           Conj/Pois/Air  0%         N/A       100%        3
 Fulminant Prism          Conj/Hex       0%         3d5       100%        4
 Freezing Cloud           Conj/Ice/Air   0%         6-21      100%        5


Dungeon Overview and Level Annotations

Branches:
Dungeon (8/15)             Temple (0/1) D:5           Sewer (visited)
 Bailey (1/1)
   Lair: D:8-11

Altars:

Shops:
D:3 :


Message History

You hit something but do no damage. You hit something but do no damage.
Something hits you.
* * * LOW HITPOINT WARNING * * *
Something bites you.
* * * LOW HITPOINT WARNING * * *
Something draws strength from your injuries!
You hit something but do no damage. Something hits you.
* * * LOW HITPOINT WARNING * * *
Something bites you but does no damage.
You closely miss something. You hit something but do no damage.
Something hits you but does no damage. Something bites you but does no damage.
You barely miss something. Something hits you!
* * * LOW HITPOINT WARNING * * *
Something bites you!
* * * LOW HITPOINT WARNING * * *
Something draws strength from your injuries!
Okay, then.
Blink to where?
Press: ? - help, Dir - move target
As you read the scroll of blinking, it crumbles to dust.
Blink to where?
Press: ? - help, Dir - move target
As you read the scroll of blinking, it crumbles to dust.
A gargoyle comes into view. It is wielding a +0 mace.
The gargoyle hurls a stone arrow at you.
The stone arrow misses you.
You fade into invisibility!
The gargoyle hits you with a +0 mace!!
* * * LOW HITPOINT WARNING * * *
You hit the gargoyle but do no damage. You hit the gargoyle but do no damage.
The gargoyle hurls a stone arrow at you.
The stone arrow hits you!
* * * LOW HITPOINT WARNING * * *
You feel very mighty all of a sudden.
The gargoyle hits you but does no damage.
You strike the helpless gargoyle from behind!
You hit the gargoyle but do no damage. The gargoyle hits you with a +0 mace!
You die...

≈≈♣ #.÷)# ##≈≈♣ ####÷÷.# ####
##.≈≈#########).'.÷.#####8.#
####..≈≈#.......#))#####...#..#
##..#..≈≈#....)..#'##.......#..'
#......≈≈#....)..........♣..#§.'
#.∩...#########.........♣...#..#
#........)...........♣......#..#
#..............@9.......♣...#...
#.∩...#########...♣........##...
#......≈ #...♣.♣......##.)).
##..#..≈≈ +.........♣.##..)##
####..≈≈. #......♣..)..#..).#
##.≈≈. #...♣........##....
#.....)..)....##...
#.....)######...... #....).#
#......


You could see a gargoyle (unable to see you).

Vanquished Creatures
  A two-headed ogre (D:8)
  Grinder (D:5)
  Sigmund (D:5)
  Eustachio (D:4)
  A steam dragon (D:8)
  Menkaure (D:7)
  A water moccasin (D:6)
  Edmund (D:4)
  2 ice beasts
  4 ogres
  2 phantoms (D:6)
  5 kobold brigands
  3 bullfrogs
  3 scorpions
  5 wights (D:7)
  3 jellies
  6 hounds
  An orc priest (D:7)
  4 iguanas
  2 orc wizards
  7 gnolls (D:6)
  2 river rats (D:6)
  10 adders
  2 shadow imps
  4 ufetubi
  A worm (D:1)
  7 dart slugs
  9 orcs
  7 ball pythons
  4 bats
  9 endoplasms
  6 giant cockroaches
  6 goblins
  4 hobgoblins
  5 jackals (D:3)
  A quokka (D:1)
  4 frilled lizards
  28 kobolds
  15 orc zombies (Bailey)
  9 rats
188 creatures vanquished.

Vanquished Creatures (collateral kills)
  2 goblins (D:8)
  2 kobolds (D:7)
4 creatures vanquished.

Vanquished Creatures (others)
  An orc priest (D:7)
  3 orcs
  2 fungi (Sewer)
  2 plants (Sewer)
8 creatures vanquished.

Grand Total: 200 creatures vanquished

Notes
Turn   | Place    | Note
-------+----------+-------------------------------------------
     0 | D:1      | LustLizard the Hill Orc Monk began the quest for the Orb.
     0 | D:1      | Reached XP level 1. HP: 19/19 MP: 1/1
    98 | D:1      | Reached XP level 2. HP: 27/27 MP: 2/2
   599 | D:1      | Found a faded altar of an unknown god.
   723 | D:1      | Reached XP level 3. HP: 33/33 MP: 3/3
   879 | D:2      | Reached skill level 5 in Axes
  1628 | D:3      | Reached XP level 4. HP: 40/40 MP: 4/4
  1912 | D:3      | Found Pais's Vocational Training.
  1955 | D:3      | Reached skill level 1 in Shields
  2269 | D:4      | Noticed Eustachio
  2306 | D:3      | Reached XP level 5. HP: 43/47 MP: 5/5
  2396 | D:4      | Reached skill level 6 in Axes
  2512 | D:4      | Noticed an ogre
  2632 | D:4      | Reached XP level 6. HP: 55/55 MP: 6/6
  2771 | D:4      | Killed Eustachio
  2772 | D:4      | Reached skill level 5 in Fighting
  2772 | D:4      | Reached skill level 7 in Axes
  2858 | D:4      | Reached XP level 7. HP: 16/61 MP: 7/7
  3782 | D:5      | Entered Level 5 of the Dungeon
  3825 | D:5      | Reached skill level 8 in Axes
  3879 | D:5      | Reached XP level 8. HP: 62/70 MP: 8/8
  3975 | D:5      | Noticed Edmund
  3975 | D:5      | Noticed Sigmund
  4041 | D:4      | Killed Edmund
  4147 | D:5      | Killed Sigmund
  4148 | D:5      | Reached skill level 9 in Axes
  4149 | D:5      | Became a worshipper of Beogh the Brigand
  4149 | D:5      | Reached * piety under Beogh
  4149 | D:5      | Reached ** piety under Beogh
  4337 | D:5      | Found a staircase to the Ecumenical Temple.
  4354 | D:5      | Noticed Grinder
  4393 | D:5      | Paralysed by Grinder for 3 turns
  4400 | D:5      | Killed Grinder
  4401 | D:5      | Reached skill level 10 in Axes
  4432 | D:5      | Identified the +5 falchion of Uncomfortable Rashes {heavy,
                  | rC- Int+2 SInv}
  4655 | D:6      | Reached skill level 5 in Shields
  4655 | D:6      | Reached XP level 9. HP: 61/79 MP: 9/9
  4711 | D:6      | Reached skill level 5 in Dodging
  4771 | D:6      | Found a glowing drain.
  4898 | Sewer    | Entered a sewer
  5145 | Sewer    | Reached skill level 11 in Axes
  5509 | D:7      | Noticed Menkaure
  5528 | D:7      | Killed Menkaure
  5605 | D:7      | Reached *** piety under Beogh
  6068 | D:7      | Reached skill level 12 in Axes
  6349 | D:8      | Found a flagged portal.
  6428 | D:8      | Reached XP level 10. HP: 79/90 MP: 10/10
  6435 | D:8      | Noticed a two-headed ogre
  6448 | D:8      | Killed a two-headed ogre
  6507 | Bailey   | Entered a bailey
  6670 | Bailey   | HP: 1/90 [something (7)]
  6681 | Bailey   | Noticed a gargoyle
  6696 | Bailey   | HP: 3/90 [gargoyle/stone arrow (10)]
  6698 | Bailey   | Mangled by a gargoyle

Illustrated notes

Levels and vault maps discovered:
D:1:      mrwooster_arrival_statue_2, layout_loops_ring, basic_ecumenical_altar
D:2:      layout_loops_ring
D:3:      layout_loops_ring, nicolae_shop_vocational
D:4:      layout_basic, minmay_fractal_squares_diagonal_5, uniq_eustachio
D:5:      layout_cave_pools, minmay_temple_entry_offerings, uniq_edmund,
          uniq_sigmund, uniq_grinder
D:6:      layout_basic, portal_sewer_entry_c
D:7:      layout_loops_ring, uniq_menkaure
D:8:      layout_gridville, david_lair_shrubbed, enter_bailey_5, minivault_5
Bailey:   bailey_polearm_vampire_castle_hellmonk, bailey

Skill      XL: |  1  2  3  4  5  6  7  8  9 10 |
---------------+-------------------------------+-----
Fighting       | 4 5 7 8 |  8.8
Axes           | 5 6 7 8 10 12 | 12.9
Shields        | 1 2 3 5 6 |  6.0
Dodging        | 3 4 5 6 |  6.1
Stealth        | |  1.5

Action                     |  1- 3 |  4- 6 |  7- 9 | 10-12 || total
---------------------------+-------+-------+-------+-------++-------
  Melee: Hand axe          |   118 |   264 |   585 |    77 ||  1044
  Throw: Dart              |       |       |    14 |     2 ||    16
 Invoke: Smiting           |       |       |     1 |       ||     1
         Convert to Beogh  |       |       |     1 |       ||     1
  Evoke: Wand              |       |       |     4 |       ||     4
    Use: Scroll            |       |     4 |    10 |     2 ||    16
         Potion            |       |       |       |     6 ||     6
   Stab: Sleeping          |     3 |       |       |       ||     3
         Invisible         |       |       |       |     1 ||     1
 Armour: Robe              |     7 |       |       |       ||     7
         Chain mail        |    39 |   136 |   208 |    36 ||   419
  Dodge: Dodged            |    53 |    79 |   161 |    18 ||   311
  Block: Buckler           |     2 |    56 |   103 |    10 ||   171

Table legend: (Time is in decaauts)
 A = Elapsed time spent in this place.
 B = Non-inter-level travel time spent in this place.
 C = Inter-level travel time spent in this place.
 D = Time resting spent in this place.
 E = Time spent auto-exploring this place.
 F = Levels seen in this place.
 G = Mean time per level.
                   A        B        C        D        E       F      G
               +--------+--------+--------+--------+--------+-----+--------+
         Total |   6627 |   6202 |    425 |    200 |   3987 |  10 |  662.7 |
       Dungeon |   6152 |   5727 |    425 |    200 |   3758 |   8 |  769.0 |
         Sewer |    304 |    304 |      0 |      0 |    173 |   1 |  304.0 |
        Bailey |    171 |    171 |      0 |      0 |     56 |   1 |  171.0 |
               +--------+--------+--------+--------+--------+-----+--------+

Top non-repeatable levels by time:
     D:4: 1571 daAuts
     D:1: 871 daAuts
     D:7: 828 daAuts
     D:3: 753 daAuts
     D:2: 743 daAuts
     D:5: 701 daAuts
     D:6: 529 daAuts
   Sewer: 304 daAuts
  Bailey: 171 daAuts
     D:8: 152 daAuts
